Map: Prion Terraces

Players

Welmu - Winner!

  • Race: Protoss Protoss
  • League: Grandmaster

Jonic

  • Race: Protoss Protoss
  • League: Master

Event: DreamHack ZOWIE Open Leipzig

VOD

Have the link to the VOD?

Description

Time

  • Played on: Jan. 22, 2016, 8:16 a.m.
  • Length: 5:05

All games in this series

Show
View Real Time Build Order
Export as new Build Order

Welmu Protoss - Winner!

Build Orders: Blink Stalkers 

Get SALT Encoding   

  12  0:01  Probe (Chrono Boost)  
  13  0:11  Probe (Chrono Boost)  
  14  0:17  Pylon  
  14  0:22  Probe (Chrono Boost)  
  15  0:36  Probe (Chrono Boost)  
  15  0:37  Gateway  
  16  0:43  Assimilator  
  16  0:46  Probe (Chrono Boost)  
  17  0:50  Assimilator  
  18  0:57  Probe (Chrono Boost)  
  18  1:07  Probe (Chrono Boost)  
  18  1:09  Gateway  
  19  1:18  Probe (Chrono Boost)  
  20  1:24  Cybernetics Core  
  20  1:28  Probe (Chrono Boost)  
  21  1:33  Pylon  
  21  1:39  Probe (Chrono Boost)  
  22  1:49  Probe (Chrono Boost)  
  23  2:00  Adept x2  
  23  2:01  Warp Gate (Chrono Boost)  
  27  2:09  Twilight Council  
  27  2:27  Stalker  
  31  2:31  Pylon  
  31  2:49  Blink (Chrono Boost)  
  29  2:52  Stalker  
  29  2:56  Pylon  
  31  3:14  Gateway  
  31  3:18  Gateway  
  31  3:55  Pylon  
  31  3:57  Stalker  
  31  3:58  Stalker  
  35  4:13  Stalker x2  
  39  4:22  Stalker x2  
  43  4:32  Pylon  
  43  4:37  Stalker x2  
  47  4:45  Stalker x2  
Show
View Real Time Build Order
Export as new Build Order

Jonic Protoss 

Build Orders:  

Get SALT Encoding   

  12  0:02  Probe (Chrono Boost)  
  13  0:12  Probe (Chrono Boost)  
  14  0:19  Pylon  
  14  0:23  Probe (Chrono Boost)  
  15  0:37  Probe (Chrono Boost), Gateway  
  16  0:48  Probe (Chrono Boost)  
  16  0:49  Assimilator  
  17  0:58  Probe (Chrono Boost)  
  17  1:00  Assimilator  
  18  1:09  Probe (Chrono Boost)  
  19  1:14  Gateway  
  19  1:19  Probe (Chrono Boost)  
  20  1:26  Cybernetics Core  
  20  1:30  Probe (Chrono Boost)  
  21  1:35  Pylon  
  21  1:40  Probe (Chrono Boost)  
  22  1:51  Probe (Chrono Boost)  
  23  2:03  Stalker x2  
  29  2:08  Mothership Core (Chrono Boost)  
  29  2:15  Warp Gate (Chrono Boost)  
  29  2:18  Pylon  
  29  2:46  Nexus  
  29  2:57  Stalker  
  31  3:01  Stalker  
  31  3:17  Robotics Facility  
  32  3:20  Probe (Chrono Boost)  
  31  3:29  Pylon  
  31  3:33  Sentry  
  33  3:34  Sentry  
  35  3:45  Gateway  
  35  3:55  Pylon  
  35  4:10  Immortal (Chrono Boost)  
  35  4:13  Probe  
  35  4:15  Probe  
  40  4:29  Stalker  
  43  4:34  Pylon  
  46  4:55  Stalker  
  42  5:02  Stalker  

Tags
 
Add a new tag
Caveats
  • Supply blocks, unpowered buildings, or Contaminate may cause inaccurate times.
  • Supply counts are checked every 10 seconds.